 Dungeon Crawl Stone Soup version 0.16-a0-1167-g3157814 (webtiles) character file.

66 Kashira the Skirmisher (level 4, -1/24 HPs)
             Began as a Vine Stalker Berserker on Oct 9, 2014.
             Was a Believer of Trog.
             Killed from afar by Sigmund (12 damage)
             ... with a puff of flame
             ... on level 2 of the Dungeon.
             The game lasted 00:06:28 (1072 turns).

Kashira the Skirmisher (Vine Stalker Berserker)     Turns: 1072, Time: 00:06:28

Health: -1/24      AC:  5    Str: 20    XL:     4   Next: 15%
Magic:  0/5        EV: 10    Int:  7    God:    Trog [**....]
Gold:   184        SH:  0    Dex: 14    Spells: 0 memorised, 3 levels left

rFire  x . .     SeeInvis .     a - +0 hand axe
rCold  + . .     Clarity  .     l - +0 ring mail
rNeg   . . .     SustAb   .     (no shield)
rPois  .         Gourm    .     (no helmet)
rElec  .         Spirit   +     (no cloak)
rCorr  .         Warding  .     (no gloves)
rMut   .         Stasis   .     (no boots)
MR     .....                    (no amulet)
Stlth  +.........               (no ring)
                                k - ring of ice

@: not resistant to hostile enchantments, very unstealthy
A: fangs 2, regeneration 1, magic shield, antimagic bite, no device heal 3, rot
immunity
a: Burn Spellbooks, Berserk, Trog's Hand, Renounce Religion


You were on level 2 of the Dungeon.
You worshipped Trog.
Trog was pleased with you.
You were not hungry.

You visited 1 branch of the dungeon, and saw 4 of its levels.

You collected 184 gold pieces.

Inventory:

Hand weapons
 a - a +0 hand axe (weapon)
Armour
 b - a +0 animal skin
 l - a +0 ring mail (worn)
Comestibles
 c - 3 bread rations
Scrolls
 d - a scroll of fear {unknown}
 e - a scroll of enchant weapon {unknown}
 h - a scroll of magic mapping {unknown}
 j - a scroll of identify {unknown}
 m - 2 scrolls of remove curse {unknown}
Jewellery
 k - a ring of ice (left hand)
Potions
 f - a potion of haste {unknown}
 g - a potion of degeneration {unknown}
 i - a potion of might {unknown}


   Skills:
 + Level 3.2 Fighting
 + Level 3.2 Axes
 + Level 1.7 Armour
 + Level 2.4 Dodging
 + Level 0.6 Stealth


You had 3 spell levels left.
You didn't know any spells.

Dungeon Overview and Level Annotations

Branches:
Dungeon (4/15)
 Temple: D:4-7

Altars:
Vehumet
Xom

Annotations:
D:2 Sigmund


Innate Abilities, Weirdness & Mutations

You have extremely sharp teeth.
Your natural rate of healing is unusually fast.
When hurt, damage is shared between your health and your magic reserves.
Your bite disrupts and absorbs the magic of your enemies.
Potions and wands cannot restore your health.
You are immune to rotting.


Message History

You completely miss the giant cockroach.
The giant cockroach is moderately wounded.
The giant cockroach completely misses you.
You hit the giant cockroach.
You kill the giant cockroach!
Trog accepts your kill.
You see here a giant cockroach corpse.
You offer a prayer to Trog.
The giant cockroach corpse is consumed in a column of flame.
Trog is pleased with you.
Found a meat ration.
Sigmund the Dreaded comes into view.
He is wielding a scythe.
Sigmund shouts!
Sigmund casts a spell at you. The puff of flame hits you!
The fire burns you terribly!
Ouch! That really hurt!
Sigmund gestures at you while chanting. The puff of flame hits you!
The fire burns you terribly!
Ouch! That really hurt!
You die...

.###........(.(.##
........>..(..)..#
.......(...###.#+#####
.#..#...#...#........#
#.###.###..#........#
... #... ...#........#
....!._. ...##+#.#####
...#...#...# #.#
.###.###..# #@# ...
...##.#.####### .
...#..........#
..............# ###
.#.#@....%....# ..#
#......####### ..#
#.#################
..# # #..........# ..#
#..#######.#


You could see Sigmund.

Vanquished Creatures
  Ijyb (D:2)
  2 worms (D:2)
  A goblin (D:1)
  5 hobgoblins
  A ball python (D:2)
  3 bats (D:2)
  2 giant cockroaches (D:2)
  7 giant geckos
  3 giant newts
  6 kobolds
  A kobold skeleton (D:4)
  3 rats
35 creatures vanquished.

Notes
Turn   | Place    | Note
--------------------------------------------------------------
     0 | D:1      | Kashira, the Vine Stalker Berserker, began the quest for the Orb.
     0 | D:1      | Reached XP level 1. HP: 11/11 MP: 1/1
   177 | D:1      | Reached skill level 3 in Fighting
   177 | D:1      | Reached XP level 2. HP: 13/16 MP: 3/3
   658 | D:2      | Acquired Trog's second power
   672 | D:2      | Reached XP level 3. HP: 13/20 MP: 4/4
   677 | D:2      | Found a shimmering altar of Xom.
   677 | D:2      | Found a shimmering altar of Xom.
   678 | D:2      | Found a shimmering altar of Xom.
   679 | D:2      | Found a shimmering altar of Xom.
   679 | D:2      | Found a shimmering altar of Xom.
   680 | D:2      | Found a shimmering altar of Xom.
   680 | D:2      | You fall through a shaft for 2 floors!
   954 | D:2      | Noticed Ijyb
   974 | D:2      | Killed Ijyb
   974 | D:2      | Reached XP level 4. HP: 24/24 MP: 5/5
  1040 | D:2      | Found a radiant altar of Vehumet.
  1069 | D:2      | Noticed Sigmund
  1072 | D:2      | Killed from afar by Sigmund

Action                   |  1- 3 |  4- 6 || total
-------------------------+-------+-------++-------
Melee: Hand axe          |   123 |    14 ||   137
  Eat: Chunk             |       |     1 ||     1
